Map: Dusk Towers

Players

LilDicky

  • Race: Terran Terran
  • League: Diamond

Dazarinos - Winner!

  • Race: Protoss Protoss
  • League: Gold

VOD

http://www.twitch.tv/tumescentpie

Description

Time

  • Played on: Nov. 23, 2015, 9:31 p.m.
  • Length: 10:01
Show
View Real Time Build Order
Export as new Build Order

LilDicky Terran 

Build Orders: MMM Bio 

Get SALT Encoding   

  12  0:01  SCV  
  13  0:13  SCV  
  14  0:18  Supply Depot  
  14  0:25  SCV  
  14  0:28  Refinery  
  15  0:40  SCV  
  16  0:46  Barracks  
  16  0:52  SCV  
  17  1:04  SCV  
  18  1:16  SCV  
  19  1:28  SCV  
  20  1:33  Supply Depot, Marine  
  20  1:35  Factory  
  21  1:40  Orbital Command  
  21  1:51  Marine  
  22  2:03  Barracks  
  22  2:07  Barracks  
  23  2:08  SCV  
  23  2:19  Barracks Reactor  
  23  2:20  Refinery  
  23  2:25  SCV  
  24  2:30  Supply Depot  
  26  2:41  SCV  
  27  2:51  Barracks Tech Lab  
  27  2:54  SCV  
  28  2:58  Starport  
  28  3:03  Barracks Tech Lab  
  28  3:04  Marine  
  28  3:05  Marine  
  28  3:06  SCV  
  29  3:13  Stimpack, Marine  
  29  3:18  SCV  
  30  3:22  Marine  
  30  3:23  Marine  
  30  3:25  Marine  
  33  3:31  Marine  
  34  3:35  Supply Depot  
  34  3:40  Combat Shields, Marine  
  35  3:41  Marauder  
  35  3:43  Marine  
  35  3:47  SCV  
  39  3:57  Medivac, Marine  
  39  3:58  Marine  
  39  3:59  SCV  
  44  4:06  Supply Depot, Marine, Marauder  
  47  4:21  SCV  
  47  4:22  Marauder  
  51  4:26  Marine x2  
  51  4:28  Marauder  
  54  4:43  Marauder  
  56  4:47  Medivac  
  56  4:49  Marauder  
  60  4:56  Marine x2  
  60  4:57  SCV  
  60  4:59  Concussive Shells  
  63  5:06  Supply Depot  
  63  5:24  Marine  
  63  5:27  SCV  
  64  5:28  Marauder  
  61  5:42  Marauder  
  44  6:13  Marine x3  
  44  6:14  Marauder  
  42  6:26  Command Center  
  42  6:29  Medivac  
  42  6:30  Marine  
  42  6:31  SCV, Marauder, Marine  
  47  6:36  Marine  
  48  6:43  SCV  
  49  6:56  Barracks  
  49  6:58  Engineering Bay, Barracks  
  49  6:59  Marine x2  
  51  7:01  Starport Reactor  
  49  7:16  Marine x2  
  49  7:21  Marine x2  
  53  7:25  Supply Depot  
  53  7:29  SCV  
  54  7:34  Marauder x2  
  58  7:39  Marine  
  58  7:41  Missile Turret  
  59  7:44  Orbital Command  
  59  7:46  Liberator  
  59  7:48  Barracks Reactor  
  59  7:49  Barracks Reactor  
  59  7:53  Missile Turret  
  59  7:54  Marine  
  60  7:59  Medivac  
  65  8:06  SCV  
  65  8:11  Marine x2  
  65  8:12  Marauder  
  70  8:19  Marine  
  71  8:22  SCV  
  72  8:29  Marine  
  72  8:30  SCV, Marine, Marauder  
  72  8:31  Marine  
  72  8:33  Marine  
  79  8:35  Marine  
  78  8:51  Marauder  
  54  9:08  SCV  
  55  9:15  Marine x4  
  55  9:16  Marine  
  62  9:17  Marauder x2  
  62  9:19  Viking, Medivac  
  62  9:20  Marine  
  62  9:21  SCV  
  62  9:22  Command Center  
  67  9:33  Marine x3  
Show
View Real Time Build Order
Export as new Build Order

Dazarinos Protoss - Winner!

Build Orders:  

Get SALT Encoding   

  12  0:01  Probe (Chrono Boost)  
  13  0:12  Probe (Chrono Boost)  
  14  0:18  Pylon  
  15  0:28  Probe (Chrono Boost)  
  15  0:38  Gateway  
  15  0:39  Probe (Chrono Boost)  
  16  0:49  Probe (Chrono Boost)  
  17  0:56  Assimilator  
  17  1:00  Probe (Chrono Boost)  
  18  1:05  Pylon  
  18  1:10  Probe (Chrono Boost)  
  19  1:21  Probe (Chrono Boost)  
  20  1:27  Cybernetics Core  
  20  1:29  Zealot  
  20  1:31  Probe (Chrono Boost)  
  23  1:45  Probe (Chrono Boost)  
  24  1:48  Assimilator  
  24  1:56  Probe (Chrono Boost)  
  25  2:04  Nexus  
  25  2:10  Mothership Core (Chrono Boost)  
  26  2:18  Stalker  
  28  2:26  Warp Gate  
  28  2:28  Probe (Chrono Boost)  
  29  2:51  Stalker  
  31  3:16  Probe (Chrono Boost)  
  32  3:22  Probe (Chrono Boost)  
  32  3:26  Probe (Chrono Boost)  
  34  3:31  Gateway  
  34  3:32  Probe (Chrono Boost), Gateway  
  34  3:33  Pylon  
  35  3:43  Stalker  
  37  3:50  Pylon  
  37  3:53  Probe x2 (Chrono Boost)  
  39  4:03  Probe x2 (Chrono Boost)  
  41  4:11  Forge  
  41  4:12  Stargate  
  41  4:18  Probe x2 (Chrono Boost)  
  43  4:29  Probe x2 (Chrono Boost)  
  45  4:33  Sentry x3  
  45  4:38  Assimilator  
  51  4:39  Probe x2 (Chrono Boost)  
  51  4:43  Assimilator  
  53  4:50  Probe x2 (Chrono Boost)  
  55  4:56  Oracle  
  55  4:59  Zealot x2  
  62  5:04  Pylon  
  62  5:09  Protoss Ground Armor Level 1  
  62  5:19  Pylon  
  62  5:22  Probe x2 (Chrono Boost)  
  62  5:33  Stalker x3  
  56  5:58  Stalker x3  
  54  6:11  Void Ray (Chrono Boost)  
  54  6:21  Stalker x3  
  60  6:25  Probe  
  60  6:27  Probe  
  62  6:36  Probe  
  62  6:38  Gateway  
  62  6:39  Probe  
  64  6:40  Gateway  
  64  6:44  Gateway  
  64  6:46  Pylon  
  64  6:48  Gateway  
  64  6:50  Void Ray (Chrono Boost)  
  68  7:16  Stalker x3  
  74  7:24  Twilight Council, Protoss Ground Weapons Level 1  
  74  7:43  Pylon  
  74  7:46  Pylon  
  74  7:51  Photon Cannon  
  74  7:54  Photon Cannon  
  74  7:57  Photon Cannon  
  74  8:02  Photon Cannon  
  74  8:08  Nexus  
  74  8:10  Pylon  
  74  8:13  Pylon  
  74  8:16  Sentry x4  
  74  8:17  Zealot x3  
  88  8:34  Pylon  
  88  8:36  Forge, Void Ray (Chrono Boost)  
  88  8:38  Pylon  
  82  8:57  Zealot x6  
  92  9:18  Probe x2  
  92  9:19  Probe  
  95  9:28  Probe  
  95  9:29  Probe  
  98  9:31  Probe  
  94  9:51  Stalker x5  
  94  9:52  Stalker x2  
Tags
 
Add a new tag
Caveats
  • Supply blocks, unpowered buildings, or Contaminate may cause inaccurate times.
  • Supply counts are checked every 10 seconds.